 Dungeon Crawl Stone Soup version 0.31-a0-1626-g5cb510d322 (webtiles) character file.

Game seed: 6930517726944031738

34419 Armakuni the Destroyer (level 13, 0/88 HPs)
             Began as a Human Artificer on Jan 5, 2024.
             Was a High Priest of Vehumet.
             Slain by an elephant (5 damage)
             ... on level 2 of the Lair of Beasts on Jan 13, 2024.
             The game lasted 01:04:54 (13732 turns).

Armakuni the Destroyer (Human Artificer)           Turns: 13732, Time: 01:04:55

Health: 0/88       AC: 10    Str: 12    XL:     13   Next: 77%
Magic:  20/20      EV: 11    Int: 16    God:    Vehumet [*****.]
Gold:   816        SH:  5    Dex: 15    Spells: 6/22 levels left

rFire   + . .        b - staff of conjuration
rCold   + . .        v - +0 buckler
rNeg    . . .        L - +1 troll leather armour
rPois   .            k - +0 helmet
rElec   .            d - scarf {rC+ rF+}
rCorr   .            Q - +0 pair of gloves
SInv    .            (no boots)
Will    .....        R - amulet of regeneration
Stlth   +            A - +4 ring of protection
HPRegen 1.94/turn    c - +4 ring of slaying
MPRegen 0.17/turn

%: no passive effects
@: no status effects
A: explore regen
a: Renounce Religion


You were on level 2 of the Lair of Beasts.
You worshipped Vehumet.
Vehumet was extremely pleased with you.
You visited 3 branches of the dungeon, and saw 15 of its levels.
You also visited: Ossuary, Bailey and Ice Cave.

You collected 984 gold pieces.
You spent 168 gold pieces at shops.

Inventory:

Missiles
 m - 2 curare-tipped darts
Armour
 d - a scarf of resistance (worn)
 k - a +0 helmet (worn)
 v - a +0 buckler (worn)
 L - a +1 troll leather armour (worn)
 N - a +1 scale mail of poison resistance
 Q - a +0 pair of gloves (worn)
 S - a +2 tower shield of cold resistance
Magical Staves
 b - a staff of conjuration (weapon)
 M - a staff of fire
Jewellery
 c - a +4 ring of slaying (right hand)
 A - a +4 ring of protection (left hand)
 D - a +6 ring of dexterity
 F - a ring of fire
 H - an amulet of reflection
 R - an amulet of regeneration (around neck)
 U - an amulet of faith
Wands
 e - a wand of digging (7)
 j - a wand of iceblast (14)
 P - a wand of light (2)
Scrolls
 g - 2 scrolls of poison
 h - 4 scrolls of immolation
 p - a scroll of amnesia
 q - 3 scrolls of revelation
 r - 3 scrolls of blinking
 u - 7 scrolls of teleportation
 y - 2 scrolls of fog
 C - 3 scrolls of enchant weapon
 J - 3 scrolls of fear
 X - a scroll of enchant armour
Potions
 f - 10 potions of curing
 i - a potion of magic
 l - a potion of invisibility
 n - a potion of ambrosia {unknown}
 o - 4 potions of mutation
 s - 2 potions of cancellation {unknown}
 t - 3 potions of brilliance
 w - 2 potions of haste
 x - a potion of heal wounds
 z - a potion of might {unknown}
 B - a potion of enlightenment {unknown}
 E - a potion of berserk rage {unknown}


   Skills:
 - Level 4.0 Fighting
 - Level 1.0(7.6) Maces & Flails
 - Level 11.9(12.0) Staves
 - Level 2.0 Armour
 - Level 1.0 Dodging
 - Level 1.0 Stealth
 - Level 5.0 Shields
 - Level 5.0 Spellcasting
 + Level 13.7 Conjurations
 - Level 5.0 Ice Magic
 - Level 5.0 Air Magic
 - Level 10.0 Evocations


You had 6 spell levels left.
You knew the following spells:

 Your Spells              Type           Power      Damage    Failure   Level
a - Arcjolt               Conj/Air       25%        1d35      4%          5
j - Freezing Cloud        Conj/Ice/Air   22%        6-21      8%          5
s - Iskenderun's Battles  Conj           64%        2d11      1%          5
z - Sting                 Conj/Alch      100%       1d9       1%          1

Your spell library contained the following spells:

 Spells                   Type           Power      Damage    Failure   Level
 Brom's Barrelling Bould  Conj/Erth      39%        2d6       4%          4
 Static Discharge         Conj/Air       100%       3-8/arc   1%          2
 Flame Wave               Conj/Fire      39%        2d11      4%          4
 Airstrike                Air            10%        2d(2-18)  9%          4
 Cigotuvi's Dreadful Rot  Necr/Alch/Air  18%        N/A       21%         2
 Slow                     Hex            16%        N/A       26%         1
 Confusing Touch          Hex            4%         N/A       61%         3
 Sigil of Binding         Hex            4%         N/A       61%         3
 Tukima's Dance           Hex            4%         N/A       61%         3
 Vampiric Draining        Necr           4%         2d6       61%         3
 Summon Lightning Spire   Summ/Air       12%        N/A       67%         4
 Vhi's Electric Charge    Tloc/Air       24%        N/A       67%         4
 Yara's Violent Unravell  Hex/Alch       2%         3d3       83%         5
 Passage of Golubria      Tloc           4%         N/A       95%         4
 Plasma Beam              Fire/Air       6%         2x1d16    96%         6
 Sculpt Simulacrum        Ice/Alch       6%         N/A       100%        6
 Ozocubu's Refrigeration  Ice            10%        4d9       99%         7
 Haunt                    Necr/Summ      2%         N/A       100%        7
 Summon Hydra             Summ           2%         N/A       100%        7
 Polar Vortex             Ice            10%        12d1*     100%        9


Dungeon Overview and Level Annotations

Branches:
Dungeon (12/15)            Temple (1/1) D:4            Lair (2/5) D:11
  Swamp (0/4) Lair:2       Spider (0/4) Lair:2      Ossuary (visited)
 Bailey (visited)           IceCv (visited)
    Orc: D:9-12

Altars:
Ashenzari
Cheibriados
Dithmenos
Elyvilon
Fedhas
Gozag
Hepliaklqana
Kikubaaqudgha
Makhleb
Nemelex Xobeh
Okawaru
Qazlal
Ru
Sif Muna
Trog
Uskayaw
Vehumet
Wu Jian
Xom
Yredelemnul
Zin
The Shining One

Shops:
D:5 *   D:11 (

Annotations:
D:11 2 transporters, BigAl98's ghost, journeyman FoFi
D:12 Psyche


Innate Abilities, Weirdness & Mutations

You regain HP and MP as you explore.


Message History

The elephant tramples you.
You hold your ground!
You block the elephant's attack.
You hit the elephant.
You blast the elephant!
The elephant is severely wounded.
You are engulfed in freezing vapours.
You resist.
An elephant comes into view.
You hit the elephant but do no damage.
You blast the elephant!
The elephant is almost dead.
You are engulfed in freezing vapours.
You resist.
The elephant is engulfed in freezing vapours.
You kill the elephant!
Vehumet accepts your kill.
You feel your power returning.
Aiming: Iceblast
Press: ? - help, Shift-Dir - straight line, f - elephant
Aim: an elephant (freezing vapour)
The mass of ice explodes!
The iceblast engulfs the elephant!!
The elephant is moderately wounded.
The iceblast engulfs the elephant!
The elephant is moderately wounded.
You are engulfed in freezing vapours.
You resist.
* * * LOW HITPOINT WARNING * * *
The elephant is engulfed in freezing vapours.
Okay, then.
Unknown command.
Aiming: Dig
Press: ? - help, Shift-Dir - straight line, p - elephant A rock wall.
The rock shatters into small pieces.
You are engulfed in freezing vapours.
You resist.
* * * LOW HITPOINT WARNING * * *
You hear a trumpeting!
The elephant is engulfed in freezing vapours.
The elephant tramples you!
* * * LOW HITPOINT WARNING * * *
You stumble backwards!
The elephant is engulfed in freezing vapours.
An elephant comes into view.
The elephant tramples you.
You die...

## .# ###
.###########○##########
.....#.##..#.Y○Y@.....#
####......§☼Y##########
##...........##
#.#.........YP# #
#...........#
#..........P#
#...........#
#P...........#
#....~~......##


You could see 3 elephants.

Vanquished Creatures
  A frost giant (IceCv)
  Harold (Lair:1)
  A hydra (Lair:2)
  A tengu warrior (D:11)
  4 death yaks (IceCv)
  An orc high priest (Bailey)
  A fire crab (D:11)
  Sonja (D:11)
  A skyshark (Lair:2)
  2 spriggan druids (Lair:2)
  A cyclops (D:11)
  An ugly thing (D:11)
  A manticore (D:12)
  Maurice (D:11)
  3 elephants (Lair:2)
  An ice statue (IceCv)
  7 cane toads
  2 kobold demonologists
  2 rime drakes
  A komodo dragon (Lair:1)
  A tengu conjurer (D:11)
  4 trolls
  8 polar bears
  Prince Ribbit (D:5)
  2 hornets
  Grinder (D:3)
  5 blink frogs (Lair:1)
  Sigmund (D:3)
  A shadow (D:11)
  35 yaks
  4 wyverns
  A vampire (D:12)
  A wraith (D:11)
  Grum (D:11)
  3 basilisks (Lair:2)
  2 steam dragons
  2 redbacks (Lair:2)
  2 water moccasins
  An ice beast (D:8)
  2 sky beasts
  14 orc warriors
  31 wolves
  3 ogres
  7 centaurs
  5 kobold brigands
  6 phantoms
  A weeping skull (Ossuary)
  4 bullfrogs
  2 gnoll sergeants
  4 scorpions (D:6)
  A wight (D:8)
  9 killer bees
  2 electric eels (Bailey)
  2 howler monkeys
  6 hounds
  6 orc priests
  A gnoll bouda (D:8)
  2 jellies (D:7)
  Ijyb (D:5)
  3 centaur skeletons (Ossuary)
  A spectral scorpion (Ossuary)
  Jessica (D:3)
  3 iguanas
  3 orc wizards
  A troll simulacrum (D:11)
  A spriggan simulacrum (D:11)
  12 mummies (Ossuary)
  Robin (D:3)
  17 gnolls
  13 adders
  2 naga simulacra (D:11)
  3 white imps (D:8)
  A ribbon worm (D:2)
  2 dart slugs (D:1)
  32 orcs
  4 ball pythons
  4 endoplasms
  4 giant cockroaches
  23 goblins
  14 hobgoblins
  13 kobolds
  A quokka (D:1)
  14 bats
  7 frilled lizards
  3 kobold skeletons (Ossuary)
  2 orc skeletons (Ossuary)
  6 rats
  10 spectral rats (Ossuary)
420 creatures vanquished.

Vanquished Creatures (collateral kills)
  A wight (D:8)
  A gnoll (D:2)
  A hobgoblin (Bailey)
3 creatures vanquished.

Vanquished Creatures (others)
  A death yak (IceCv)
  A polar bear (IceCv)
  An orc warrior (Bailey)
  A wight (D:8)
4 creatures vanquished.

Grand Total: 427 creatures vanquished

Notes
Turn   | Place    | Note
-------+----------+-------------------------------------------
     0 | D:1      | Armakuni the Human Artificer began the quest for the Orb.
     0 | D:1      | Reached XP level 1. HP: 15/15 MP: 1/1
   205 | D:1      | Reached XP level 2. HP: 18/21 MP: 2/2
   642 | D:2      | Reached XP level 3. HP: 26/26 MP: 3/3
   761 | D:2      | Reached XP level 4. HP: 32/32 MP: 4/4
  1162 | D:2      | Found a faded altar of an unknown god.
  1380 | D:2      | Reached skill level 5 in Evocations
  1672 | D:2      | Reached XP level 5. HP: 37/37 MP: 5/5
  1908 | D:3      | Noticed Robin
  1918 | D:3      | Killed Robin
  1971 | D:3      | Noticed Jessica
  1979 | D:3      | Killed Jessica
  2195 | D:3      | Noticed Grinder
  2282 | D:3      | Killed Grinder
  2283 | D:3      | Reached XP level 6. HP: 43/43 MP: 6/6
  2328 | D:3      | Found a faded altar of an unknown god.
  2338 | D:3      | Found a broken altar of Ashenzari.
  2373 | D:3      | Noticed Sigmund
  2376 | D:3      | Killed Sigmund
  2377 | D:3      | Reached XP level 7. HP: 48/48 MP: 7/7
  2660 | D:4      | Reached skill level 1 in Maces & Flails
  2754 | D:4      | Found a staircase to the Ecumenical Temple.
  2760 | Temple   | Entered the Ecumenical Temple
  2775 | Temple   | Became a worshipper of Vehumet
  3181 | D:4      | Found a sand-covered staircase.
  3186 | Ossuary  | Entered an ossuary
  3213 | Ossuary  | Reached XP level 8. HP: 60/60 MP: 8/8
  3246 | Ossuary  | Reached skill level 1 in Staves
  3417 | Ossuary  | Reached * piety under Vehumet
  3417 | Ossuary  | Offered knowledge of Sting by Vehumet.
  3428 | Ossuary  | Learned a level 1 spell: Sting
  3538 | Ossuary  | Reached skill level 1 in Conjurations
  3561 | Ossuary  | Reached skill level 1 in Spellcasting
  3759 | D:4      | Reached skill level 2 in Conjurations
  3782 | D:4      | Reached skill level 3 in Conjurations
  4169 | D:5      | Entered Level 5 of the Dungeon
  4294 | D:5      | Reached skill level 4 in Conjurations
  4320 | D:5      | Noticed Ijyb
  4327 | D:5      | Killed Ijyb
  4388 | D:5      | Found Zajorph's Gadget Gallery.
  4394 | D:5      | Bought a wand of flame (20) for 168 gold pieces
  4416 | D:5      | Got Sif Muna's Information on Calorific Illusion
  4441 | D:5      | Noticed Prince Ribbit
  4455 | D:5      | Killed Prince Ribbit
  4456 | D:5      | Reached skill level 5 in Conjurations
  4456 | D:5      | Reached XP level 9. HP: 28/65 MP: 10/10
  4518 | D:5      | Reached skill level 6 in Conjurations
  4836 | D:5      | Offered knowledge of Mercury Vapours by Vehumet.
  4837 | D:5      | Reached skill level 7 in Conjurations
  4958 | D:6      | Reached ** piety under Vehumet
  5051 | D:6      | Found the +11 Singing Sword {sonic wave}
  5261 | D:6      | Reached skill level 8 in Conjurations
  5809 | D:7      | Reached skill level 9 in Conjurations
  5920 | D:7      | Offered knowledge of Volatile Blastmotes by Vehumet.
  6217 | D:8      | Reached *** piety under Vehumet
  6264 | D:8      | Reached XP level 10. HP: 62/65 MP: 11/11
  6365 | D:8      | Reached skill level 10 in Conjurations
  6516 | D:8      | Found a flagged portal.
  6541 | Bailey   | Entered a bailey
  6619 | Bailey   | Offered knowledge of Ignite Poison by Vehumet.
  6741 | Bailey   | Noticed a kobold demonologist
  6751 | Bailey   | Noticed a sixfirhy
  6751 | Bailey   | Killed a kobold demonologist
  6824 | Bailey   | Reached skill level 10 in Evocations
  6925 | Bailey   | Found an iron altar of Okawaru.
  6925 | Bailey   | Noticed an orc high priest
  6948 | Bailey   | Killed an orc high priest
  6949 | Bailey   | Reached skill level 5 in Staves
  7005 | Bailey   | Identified the +9 spear "Kecsoj" {elec, rN+}
  7361 | D:8      | Acquired a staff of conjuration
  7444 | D:8      | Reached **** piety under Vehumet
  7569 | D:8      | Offered knowledge of Frozen Ramparts by Vehumet.
  8111 | D:9      | Reached XP level 11. HP: 77/77 MP: 10/12
  8821 | D:10     | Entered Level 10 of the Dungeon
  9176 | D:10     | Found a sparkling altar of Nemelex Xobeh.
  9414 | D:11     | Reached skill level 10 in Staves
  9499 | D:11     | Found a frozen archway.
  9524 | IceCv    | Entered an ice cave
  9773 | IceCv    | Reached ***** piety under Vehumet
  9939 | IceCv    | Offered knowledge of Iskenderun's Battlesphere by Vehumet.
  9987 | IceCv    | Learned a level 5 spell: Iskenderun's Battlesphere
 10039 | IceCv    | Reached XP level 12. HP: 69/83 MP: 15/15
 10269 | IceCv    | Noticed a death yak
 10269 | IceCv    | Noticed a death yak
 10270 | IceCv    | Noticed a death yak
 10300 | IceCv    | Killed a death yak
 10300 | IceCv    | Killed a death yak
 10301 | IceCv    | Reached skill level 5 in Spellcasting
 10306 | IceCv    | Killed a death yak
 10352 | IceCv    | Noticed a death yak
 10352 | IceCv    | Noticed a frost giant
 10352 | IceCv    | Noticed a death yak
 10395 | IceCv    | Killed a frost giant
 10396 | IceCv    | Reached skill level 11 in Conjurations
 10461 | IceCv    | Killed a death yak
 10519 | IceCv    | Got the Notes on Inhalation
 10665 | D:11     | Noticed a tengu warrior
 10679 | D:11     | Killed a tengu warrior
 10709 | D:11     | Reached skill level 1 in Shields
 10737 | D:11     | Noticed BigAl98's ghost (journeyman FoFi)
 10757 | D:11     | Learned a level 5 spell: Freezing Cloud
 10763 | D:11     | Learned a level 5 spell: Arcjolt
 10763 | D:11     | Upgraded the game from 0.31-a0-1589-g8f5e8aebd6 to
                  | 0.31-a0-1610-g9787180647
 10841 | D:11     | Found Laanle's Weapon Boutique.
 10844 | D:11     | Noticed Maurice
 10852 | D:11     | Killed Maurice
 10905 | D:11     | Found a staircase to the Lair.
 11322 | D:11     | Found a transporter.
 11331 | D:11     | Noticed Sonja
 11332 | D:11     | Noticed Grum
 11350 | D:11     | Killed Grum
 11351 | D:11     | Reached skill level 5 in Shields
 11351 | D:11     | Reached skill level 12 in Conjurations
 11354 | D:11     | Upgraded the game from 0.31-a0-1610-g9787180647 to
                  | 0.31-a0-1616-gbeaec30b81
 11359 | D:11     | Killed Sonja
 11360 | D:11     | Reached skill level 1 in Ice Magic
 11360 | D:11     | Reached skill level 1 in Air Magic
 11428 | D:11     | Found a transporter.
 11506 | D:11     | Found a bloodstained altar of Trog.
 11506 | D:11     | Noticed a two-headed ogre
 11506 | D:11     | Noticed a tengu warrior
 11581 | D:12     | Reached XP level 13. HP: 69/88 MP: 13/20
 11598 | D:12     | Noticed Psyche
 11733 | D:12     | Offered knowledge of Brom's Barrelling Boulder by Vehumet.
 11734 | D:12     | Upgraded the game from 0.31-a0-1616-gbeaec30b81 to
                  | 0.31-a0-1626-g5cb510d322
 11786 | Lair:1   | Entered Level 1 of the Lair of Beasts
 11810 | Lair:1   | Identified the +2 whip "Impbane" {spect, ^Contam Int+3
                  | Dex+4}
 12014 | Lair:1   | Noticed Harold
 12026 | Lair:1   | Killed Harold
 12577 | Lair:2   | Reached skill level 5 in Ice Magic
 12577 | Lair:2   | Reached skill level 5 in Air Magic
 12655 | Lair:2   | Found a hole to the Spider Nest.
 13054 | Lair:2   | Reached skill level 13 in Conjurations
 13459 | Lair:2   | Found a staircase to the Swamp.
 13731 | Lair:2   | HP: 3/88 [elephant (11)]
 13732 | Lair:2   | Slain by an elephant

Illustrated notes

Levels and vault maps discovered:
D:1:      scummos_arrival_checkerplants, layout_basic, minmay_misc_feat_plants
D:2:      layout_basic, shapermc_ecumenical_altar_flowoftime,
          kennysheep_small_spiral, st_stairs_12, minmay_box_of_dots
D:3:      layout_basic, nicolae_overflow_ecumenical_swirl, hex_medium,
          kennysheep_generic_room_8, uniq_robin, uniq_grinder, uniq_sigmund,
          uniq_jessica
D:4:      layout_gridville, minmay_temple_entry_hall, enter_ossuary_5,
          wad_orctagon
D:5:      nicolae_cairo_tiling_very_big, layout_basic, nicolae_shop_gadgets,
          uniq_prince_ribbit1, uniq_ijyb
D:6:      old_forge, layout_loops_cross
D:7:      layout_basic
D:8:      layout_basic, enter_bailey_5, serial_ice, serial_ice_b, serial_ice_m,
          serial_ice_e, serial_ice_c
D:9:      layout_basic
D:10:     layout_cave_pools, nemelex_spade_bored_becter, serial_glass,
          glass_columns_a, glass_columns_a, feat_on_display,
          kennysheep_generic_room_15
D:11:     layout_basic, minmay_lair_entry_lava,
          portal_ice_cave_entry_ice_simulacra,
          gammafunk_ghost_wrathful_warriors, serial_shops, shop_coins,
          nicolae_figureground_pulse, uniq_sonja, uniq_grum, uniq_maurice
D:12:     layout_cave_pods, erik_orc_2, uniq_psyche, uniq_jorgrun
Temple:   nicolae_temple_slightly_damp_pantheon
Lair:1:   layout_misc_corridors, serial_bayou_pond_c, uniq_harold
Lair:2:   layout_cave_pods, mainiacjoe_swamp_entry_angry_trees,
          spider_nest_entry_webs, infiniplex_staircase_pool_2

Skill      XL: |  1  2  3  4  5  6  7  8  9 10 11 12 13 |
---------------+----------------------------------------+-----
Evocations     | 4 5 7 8 10 | 10.0
Maces & Flails | 1 |  1.0
Fighting       | 3 4 |  4.0
Staves         | 3 7 11 | 11.9
Conjurations   | 5 9 10 12 13 | 13.7
Spellcasting   | 1 2 5 |  5.0
Shields        | 5 |  5.0
Ice Magic      | 2 5 |  5.0
Air Magic      | 2 5 |  5.0
Armour         | |  2.0
Dodging        | |  1.0
Stealth        | |  1.0

Action                     |  1- 3 |  4- 6 |  7- 9 | 10-12 | 13-15 || total
---------------------------+-------+-------+-------+-------+-------++-------
  Melee: Club              |   102 |    83 |       |       |       ||   185
         Punch             |       |     2 |     7 |     9 |     2 ||    20
         Flail             |       |    99 |    80 |       |       ||   179
         Mace              |       |       |   506 |   114 |       ||   620
         Spear             |       |       |       |   488 |     6 ||   494
         Staff             |       |       |       |       |    87 ||    87
   Fire: Sling             |       |     7 |       |       |       ||     7
   Cast: Sting             |       |       |    10 |    78 |       ||    88
         Iskenderun's Batt |       |       |       |     1 |       ||     1
         Freezing Cloud    |       |       |       |       |    20 ||    20
         Arcjolt           |       |       |       |       |    20 ||    20
  Evoke: Wand              |    10 |    11 |    16 |    54 |     3 ||    94
    Use: Scroll            |     2 |     8 |     7 |     5 |     1 ||    23
         Potion            |       |       |     3 |     2 |       ||     5
   Stab: Sleeping          |       |     1 |       |     4 |       ||     5
         Invisible         |       |       |     1 |     2 |     2 ||     5
         Held in net/web   |       |       |     1 |       |       ||     1
 Armour: Leather armour    |    78 |       |       |    73 |       ||   151
         Ring mail         |    13 |   189 |   515 |   130 |       ||   847
         Skin              |       |       |    16 |       |       ||    16
         Troll leather arm |       |       |       |   326 |   106 ||   432
  Dodge: Dodged            |    85 |   152 |   321 |   300 |    49 ||   907
  Block: Buckler           |       |       |       |       |    10 ||    10

Table legend: (Time is in decaauts)
 A = Elapsed time spent in this place.
 B = Non-inter-level travel time spent in this place.
 C = Inter-level travel time spent in this place.
 D = Time resting spent in this place.
 E = Time spent auto-exploring this place.
 F = Levels seen in this place.
 G = Mean time per level.
                   A        B        C        D        E       F      G
               +--------+--------+--------+--------+--------+-----+--------+
         Total |  13936 |  13624 |    312 |   1972 |   6763 |  18 |  774.2 |
       Dungeon |   9477 |   9201 |    276 |    858 |   5211 |  12 |  789.8 |
        Temple |     69 |     56 |     13 |     37 |      0 |   1 |   69.0 |
          Lair |   1922 |   1899 |     23 |    643 |    936 |   2 |  961.0 |
       Ossuary |    542 |    542 |      0 |      0 |    178 |   1 |  542.0 |
        Bailey |    853 |    853 |      0 |    186 |    243 |   1 |  853.0 |
      Ice Cave |   1071 |   1071 |      0 |    248 |    194 |   1 | 1071.0 |
               +--------+--------+--------+--------+--------+-----+--------+

Top non-repeatable levels by time:
     D:2: 1273 daAuts
    D:11: 1190 daAuts
  Lair:2: 1172 daAuts
   IceCv: 1071 daAuts
     D:4: 1032 daAuts
     D:8: 988 daAuts
     D:9: 920 daAuts
     D:6: 855 daAuts
  Bailey: 853 daAuts
     D:3: 817 daAuts
     D:5: 810 daAuts
  Lair:1: 749 daAuts
     D:1: 641 daAuts
 Ossuary: 542 daAuts
    D:10: 453 daAuts
